 Dungeon Crawl Stone Soup version 0.27-a0-1006-g1fd4cec11e (webtiles) character file.

Game seed: 8431230871408555077

15 siradein the Sneak (level 2, -5/22 HPs)
             Began as a Demonspawn Brigand on Apr 18, 2021.
             Splashed by a jelly's acid (7 damage)
             ... on level 2 of the Dungeon.
             The game lasted 00:01:07 (454 turns).

siradein the Sneak (Demonspawn Brigand)              Turns: 454, Time: 00:01:08

Health: -5/22      AC: 11    Str: 11    XL:     2   Next: 34%
Magic:  2/2        EV:  2    Int: 12    God:
Gold:   22         SH:  0    Dex: 14    Spells: 1/1 levels left

rFire    . . .     SeeInvis .   f - +0 short sword
rCold    . . .     Faith    .   (no shield)
rNeg     . . .     Spirit   .   g - +0 plate armour
rPois    .         Reflect  .   (no helmet)
rElec    .         Harm     .   c - +0 cloak
rCorr    .         Rampage  .   (no gloves)
Will     .....                  (no boots)
Stlth    ..........             (no amulet)
HPRegen  0.07/turn              (no ring)
MPRegen  0.16/turn              (no ring)

@: no status effects
A: magic regeneration
a: no special abilities


You were on level 2 of the Dungeon.
You visited 1 branch of the dungeon, and saw 2 of its levels.

You collected 22 gold pieces.

Inventory:

Hand Weapons
 f - a +0 short sword (weapon)
Missiles
 d - 8 poisoned darts (quivered)
 e - 2 curare-tipped darts
Armour
 c - a +0 cloak (worn)
 g - a +0 plate armour (worn)
Scrolls
 a - 2 scrolls of identify {unknown}


   Skills:
 - Level 2.0 Fighting
 + Level 2.7 Short Blades
 - Level 1.7 Throwing
 - Level 0.8 Dodging
 - Level 3.6 Stealth


You had one spell level left.
You didn't know any spells.
Your spell library was empty.

Dungeon Overview and Level Annotations

Branches:
Dungeon (1/15)

Altars:


Innate Abilities, Weirdness & Mutations

You regenerate magic rapidly.


Message History

No target in view!
A kobold comes into view. It is wielding a +0 dagger.
The kobold shouts!
An endoplasm comes into view.
Found a robe.
You start waiting.
A kobold is nearby!
A kobold comes into view. It is wielding a +0 whip.
The kobold shouts!
The kobold hits you but does no damage.
A jelly comes into view.
You hit the kobold.
You kill the kobold!
Things that are here:
a +0 dagger; a stone; a kobold corpse The endoplasm quivers.
The kobold throws a stone.
The stone hits you. The kobold hits you but does no damage.
The kobold throws a stone.
The stone barely misses you. The jelly hits you but does no damage.
Things that are here:
a +0 dagger; a stone; a kobold corpse The jelly hits you but does no damage.
You hit the jelly.
Your hands burn!
The jelly is moderately wounded.
You hit the jelly but do no damage. The acid corrodes you!
Your hands burn!
The jelly is moderately wounded.
The jelly hits you.
You are splashed with acid!
* * * LOW HITPOINT WARNING * * *
The jelly jiggles.
The jelly hits you but does no damage.
You are no longer corroded.
You are too injured to fight recklessly!
You hit the jelly.
Your hands burn!
* * * LOW HITPOINT WARNING * * *
The jelly is heavily wounded.
The jelly hits you.
* * * LOW HITPOINT WARNING * * *
You are splashed with acid!
You die...

#.# #.....
#.#######.....
###............. #######
#............... #..[..#
######.#.#...........
###.#.#
#...JJ...#.###.#####.
#.#.# ##J###...#.# #.#
#. #.#.#####.J.#...#.#
#.# #.
##.#........@#J..#.###.#
#.
#............#K..#...#.#
#. #....†.............#
#.# .
#.##########.......# #.#
#.# #######.###.###..
#.# #...†..........
##.######.#####..##.###
#..........#K....#
#########..#)##.##


You could see a jelly and an endoplasm.

Vanquished Creatures
  A bat (D:1)
  An endoplasm (D:2)
  A giant cockroach (D:1)
  2 goblins
  2 hobgoblins
  A ball python (D:2)
  3 kobolds
  2 rats (D:1)
13 creatures vanquished.

Notes
Turn   | Place    | Note
-------+----------+-------------------------------------------
     0 | D:1      | siradein the Demonspawn Brigand began the quest for the
                  | Orb.
     0 | D:1      | Reached XP level 1. HP: 16/16 MP: 1/1
   244 | D:1      | Gained mutation: You regenerate magic rapidly. [demonic
                  | ancestry]
   244 | D:1      | Reached XP level 2. HP: 22/22 MP: 2/2
   274 | D:1      | You fall into a shaft and drop 1 floor!
   454 | D:2      | Splashed by a jelly's acid

Illustrated notes

Levels and vault maps discovered:
D:1:      onia_arrival_mini_maze_b, layout_loops_corners,
          hellmonk_ecumenical_altar_lost_god, minmay_crystal_water
D:2:      layout_basic, uniq_jessica, uniq_terence

Skill      XL: |  1 |
---------------+----+-----
Short Blades   | 2 |  2.7
Fighting       | |  2.0
Throwing       | |  1.7
Dodging        | |  0.8
Stealth        | |  3.6

Action                   || total
-------------------------++-------
Melee: Short sword       ||    22
       Dagger            ||     3
 Stab: Sleeping          ||     4
Armor: Robe              ||     4
       Plate armour      ||     8
Dodge: Dodged            ||    10

Table legend: (Time is in decaauts)
 A = Elapsed time spent in this place.
 B = Non-inter-level travel time spent in this place.
 C = Inter-level travel time spent in this place.
 D = Time resting spent in this place.
 E = Time spent auto-exploring this place.
 F = Levels seen in this place.
 G = Mean time per level.
                   A        B        C        D        E       F      G
               +--------+--------+--------+--------+--------+-----+--------+
         Total |    452 |    452 |      0 |      4 |    323 |   2 |  226.0 |
       Dungeon |    452 |    452 |      0 |      4 |    323 |   2 |  226.0 |
               +--------+--------+--------+--------+--------+-----+--------+

Top non-repeatable levels by time:
     D:1: 273 daAuts
     D:2: 179 daAuts
